 Dungeon Crawl Stone Soup version 0.31.0-11-ge490571c62 (webtiles) character file.

Game seed: 788834189131476931

116 qw the Skirmisher (level 4, -1/25 HPs)
             Began as a Deep Elf Hunter on Feb 4, 2024.
             Slain by a cerulean imp
             ... wielding a +1 spear
             ... summoned by Natasha
              (4 damage)
             ... on level 3 of the Dungeon.
             The game lasted 00:00:11 (2030 turns).

qw the Skirmisher (Deep Elf Hunter)                 Turns: 2030, Time: 00:00:12

Health: -1/25      AC:  5    Str: 10    XL:     4   Next: 69%
Magic:  6/6        EV: 11    Int: 14    God:
Gold:   119        SH:  0    Dex: 18    Spells: 3/3 levels left

rFire   . . .        a - +0 shortbow
rCold   . . .        (shield currently unavailable)
rNeg    . . .        i - +0 ring mail
rPois   .            (no helmet)
rElec   .            (no cloak)
rCorr   .            (no gloves)
SInv    .            (no boots)
Will    .....        (no amulet)
Stlth   +            (no ring)
HPRegen 0.24/turn    (no ring)
MPRegen 0.10/turn

%: no passive effects
@: slowed, very slow
A: no striking features
a: no special abilities


You were on level 3 of the Dungeon.
You visited 1 branch of the dungeon, and saw 3 of its levels.

You collected 119 gold pieces.


   Skills:
 - Level 1.5 Fighting
 + Level 8.1 Ranged Weapons
 - Level 2.4 Dodging
 - Level 1.2 Stealth


You had 3 spell levels left.
You didn't know any spells.
Your spell library was empty.

Inventory:

Hand Weapons
 a - a +0 shortbow (weapon)
Armour
 i - a +0 ring mail (worn)
Jewellery
 e - a +4 ring of slaying {mikee}
Scrolls
 b - a scroll of immolation {unknown}
 c - a scroll of identify
Potions
 d - a potion of haste {unknown}
 f - a potion of berserk rage {unknown}
 g - a potion of cancellation {unknown}
 h - a potion of lignification {unknown}
 j - a potion of heal wounds {unknown}

Dungeon Overview and Level Annotations

Branches:
Dungeon (3/15)

Altars:

Shops:
D:1 !

Annotations:
D:3 Natasha


Message History

The cerulean imp barely misses you.
The cerulean imp hits you but does no damage.
Natasha barely misses you.
Enter note:
Enter note:
2024 ||| RETREEEEATING.
The cerulean imp hits you but does no damage.
Natasha casts a spell at you. The magic dart hits you.
2025 ||| RETREEEEATING.
The cerulean imp disappears in a puff of smoke!
Natasha growls.
Natasha stares at you and mumbles some strange words.
The magic dart hits you.
You shoot an arrow. The arrow misses Natasha.
Natasha casts a spell at you.
You feel yourself slow down.
You shoot an arrow. The arrow misses the cerulean imp.
The cerulean imp hits you from afar with a +1 spear. x2
Enter note:
Enter note:
2028 ||| RETREEEEATING.
The cerulean imp hits you from afar with a +1 spear.
Enter note:
Enter note:
2029 ||| RETREEEEATING.
The cerulean imp attacks as it pursues you!
The cerulean imp completely misses you. Natasha claws you but does no damage.
The cerulean imp hits you from afar with a +1 spear.
Enter note:
Enter note:
2030 ||| RETREEEEATING.
Natasha attacks as she pursues you! Natasha closely misses you.
The cerulean imp attacks as it pursues you!
The cerulean imp hits you but does no damage.
The cerulean imp misses you. Natasha casts a spell at you.
You resist with some effort.
The cerulean imp hits you from afar with a +1 spear.
You die...

...#....... #.#.#
...#........ #.#.#
...#........###.#.#
...#.#..##......#.#
..##.#... .....#.#
#.##.##.##.###..#.# #)##.#
...........#
#.##.#..##.###.############
..)..#..##.# #..@.........#
#...%#..##.# #.h#######.###
##......##.# #55# #.#
##......##.###..# #.#
##......##.5....# #.#
.'......##.###.########.###
.#........................#
.........#.#...############
.######..###.#.#


You could see Natasha and 2 cerulean imps.

Vanquished Creatures
  Natasha (D:3)
  3 adders (D:2)
  A ribbon worm (D:2)
  5 orcs (D:3)
  2 ball pythons
  5 endoplasms
  4 giant cockroaches
  5 goblins
  3 hobgoblins
  6 jackals (D:2)
  5 kobolds
  5 bats
  5 frilled lizards
  2 rats (D:2)
52 creatures vanquished.

Notes
Turn   | Place    | Note
-------+----------+-------------------------------------------
     0 | D:1      | qw the Deep Elf Hunter began the quest for the Orb.
     0 | D:1      | Reached XP level 1. HP: 12/12 MP: 3/3
     0 | D:1      | 0 ||| qw: Version: 0.3-a-160-g6735b56
     0 | D:1      | 0 ||| qw: Game counter: 5589
     0 | D:1      | 0 ||| qw: Melee chars always use a shield: true
     0 | D:1      | 0 ||| qw: God list: Okawaru
     0 | D:1      | 0 ||| qw: Allow faded altars: false
     0 | D:1      | 0 ||| qw: Do Orc after clearing Dungeon:15 true
     0 | D:1      | 0 ||| qw: Do second Lair branch before Depths: true
     0 | D:1      | 0 ||| qw: Lair rune preference: random
     0 | D:1      | 0 ||| qw: Goals: Normal
     0 | D:1      | 0 ||| PLANNING D:1-11
   151 | D:1      | Found Osaytace's Distillery.
   156 | D:1      | 156 ||| SHOPLISTING potion of haste (130 gold, have 42).
   156 | D:1      | 156 ||| SHOPLISTING potion of heal wounds (65 gold, have
                  | 42).
   156 | D:1      | 156 ||| SHOPLISTING potion of mutation (104 gold, have 42).
   156 | D:1      | 156 ||| SHOPLISTING potion of resistance (130 gold, have
                  | 42).
   291 | D:1      | Reached XP level 2. HP: 16/16 MP: 4/4
   313 | D:1      | Reached skill level 6 in Ranged Weapons
   790 | D:1      | 790 ||| READING scroll labelled PIOSEKHECVE.
   791 | D:1      | 791 ||| DROPPING scroll of butterflies.
   873 | D:2      | Found a faded altar of an unknown god.
  1051 | D:2      | Reached XP level 3. HP: 9/20 MP: 5/5
  1344 | D:2      | Reached skill level 7 in Ranged Weapons
  1466 | D:2      | Reached XP level 4. HP: 25/25 MP: 6/6
  1625 | D:2      | 1625 ||| UPGRADING to +0 ring mail.
  1635 | D:2      | 1635 ||| DROPPING +0 leather armour.
  1636 | D:2      | 1636 ||| READING scroll of identify.
  1636 | D:2      | 1636 ||| IDENTIFYING glowing grey potion
  1637 | D:2      | 1637 ||| READING scroll labelled GADGHE BEORIFO.
  1681 | D:2      | 1681 ||| DROPPING potion of degeneration.
  1726 | D:3      | Noticed Natasha
  1737 | D:3      | Killed Natasha
  1738 | D:3      | Reached skill level 8 in Ranged Weapons
  2002 | D:3      | Noticed Natasha
  2007 | D:3      | 2007 ||| RETREEEEATING.
  2008 | D:3      | 2008 ||| RETREEEEATING.
  2009 | D:3      | 2009 ||| RETREEEEATING.
  2010 | D:3      | 2010 ||| RETREEEEATING.
  2011 | D:3      | 2011 ||| RETREEEEATING.
  2012 | D:3      | 2012 ||| RETREEEEATING.
  2013 | D:3      | 2013 ||| RETREEEEATING.
  2015 | D:3      | 2015 ||| RETREEEEATING.
  2020 | D:3      | 2020 ||| RETREEEEATING.
  2024 | D:3      | 2024 ||| RETREEEEATING.
  2025 | D:3      | 2025 ||| RETREEEEATING.
  2027 | D:3      | HP: 6/25 [cerulean imp/+1 spear[Natasha] (1)]
  2028 | D:3      | 2028 ||| RETREEEEATING.
  2029 | D:3      | 2029 ||| RETREEEEATING.
  2030 | D:3      | 2030 ||| RETREEEEATING.
  2030 | D:3      | Slain by a cerulean imp

Levels and vault maps discovered:
D:1:      lemuel_arrival_broad_hall, layout_loops_ring, serial_shops,
          nicolae_shop_tiny_real_fake_doors, serial_forest,
          infiniplex_forest_corner_1, infiniplex_forest_clump_small,
          infiniplex_forest_lined_2, infiniplex_forest_side_room,
          infiniplex_forest_end_1, infiniplex_forest_clump_diagonal,
          infiniplex_forest_split, minmay_misc_feat_diagonals
D:2:      layout_basic, ebering_ecumenical_altar_ruins
D:3:      layout_basic, uniq_natasha

Skill      XL: |  1  2  3  4 |
---------------+-------------+-----
Ranged Weapons | 6 7 8 |  8.1
Fighting       | |  1.5
Dodging        | |  2.4
Stealth        | |  1.2

Action                     |  1- 3 |  4- 6 || total
---------------------------+-------+-------++-------
   Fire: Shortbow          |   114 |    74 ||   188
    Use: Scroll            |     1 |     2 ||     3
 Armour: Leather armour    |    22 |     9 ||    31
         Ring mail         |       |    33 ||    33
  Dodge: Dodged            |    23 |    32 ||    55

Table legend:
 A = Non-vault XP
 B = Vault XP
 C = Vault XP percentage of total XP
 D = Non-vault monster count
 E = Vault monster count
 F = Vault count percentage of total count
                 A         B        C        D         E       F
            +---------+---------+-------+---------+---------+-------
      Total |     131 |      35 |  21.1 |      51 |       1 |   1.9
            +---------+---------+-------+---------+---------+-------
        D:1 |      20 |       0 |   0.0 |      12 |       0 |   0.0
        D:2 |      90 |       0 |   0.0 |      30 |       0 |   0.0
        D:3 |      21 |      35 |  62.5 |       9 |       1 |  10.0
            +---------+---------+-------+---------+---------+-------
